 Dungeon Crawl Stone Soup version 0.26-a0-712-ga5a9c9c9d0 (webtiles) character file.

Game seed: 9700523275583853523

158 kae the Changer (level 5, -5/44 HPs)
             Began as a Naga Transmuter on Nov 3, 2020.
             Slain by a wight
             ... wielding a cursed +5 short sword
              (8 damage)
             ... on level 6 of the Dungeon.
             The game lasted 00:02:43 (4423 turns).

kae the Changer (Naga Transmuter)                   Turns: 4423, Time: 00:02:43

Health: -5/44      AC:  3    Str: 12 (13) XL:     5   Next: 40%
Magic:  7/8        EV:  9    Int: 13 (14) God:
Gold:   122        SH:  0    Dex: 10 (11) Spells: 4/8 levels left

rFire    . . .     SeeInvis +     - Unarmed
rCold    . . .     Faith    .   (no shield)
rNeg     . . .     Spirit   .   a - +0 robe
rPois    +         Reflect  .   (no helmet)
rElec    .         Harm     +   o - scarf {harm}
rCorr    .         Rampage  .   k - +0 pair of gloves
MR       .....                  (no barding)
Stlth    +.........             (no amulet)
HPRegen  0.14/turn              h - ring of flight
MPRegen  0.11/turn              (no ring)

@: drained, very slow
A: large, see invisible, deformed body, poison resistance, slowness 2, spit
poison 1, AC +1
a: Spit Poison, Evoke Flight


You were on level 6 of the Dungeon.
You visited 1 branch of the dungeon, and saw 4 of its levels.

You collected 122 gold pieces.

Inventory:

Armour
 a - a +0 robe (worn)
 k - a +0 pair of gloves (worn)
 o - a scarf of harm (worn)
Jewellery
 h - a ring of flight (left hand)
Scrolls
 b - a scroll of blinking
 c - 6 scrolls of identify {unknown}
 d - 2 scrolls of remove curse {unknown}
 g - a scroll of immolation {unknown}
 i - 2 scrolls of enchant armour {unknown}
 n - a scroll of enchant weapon {unknown}
Potions
 e - a potion of mutation {unknown}
 f - a potion of curing
 j - 2 potions of heal wounds {unknown}
 l - a potion of might {unknown}
 m - 2 potions of haste {unknown}


   Skills:
 - Level 1.0(0.4) Fighting
 - Level 1.5(0.9) Dodging
 + Level 3.9(3.3) Unarmed Combat
 - Level 2.0(1.4) Spellcasting
 * Level 4.2(3.6) Transmutations
 * Level 2.4(1.8) Poison Magic


You had 4 spell levels left.
You knew the following spells:

 Your Spells              Type           Power        Failure   Level
a - Beastly Appendage     Tmut           ##....       6%          1
b - Spider Form           Tmut/Pois      #.........   26%         3

Your spell library contained the following spells:

 Spells                   Type           Power        Failure   Level
 Wereblood                Tmut           ##......     10%         2
 Ice Form                 Ice/Tmut       #.......     78%         4
 Blade Hands              Tmut           ##........   86%         5


Dungeon Overview and Level Annotations

Branches:
Dungeon (3/15)

Altars:
Uskayaw


Innate Abilities, Weirdness & Mutations

You cannot wear boots.
Your serpentine skin is tough. (AC +1)
You have supernaturally acute eyesight. (SInv)
Armour fits poorly on your strangely shaped body.
Your system is resistant to poisons. (rPois)
You cover ground very slowly.
You can spit poison.


Message History

You feel drained.
You completely miss the wight.
The wight is almost destroyed.
The wight misses you.
You hit the wight but do no damage.
The wight is almost destroyed.
Your transformation has ended.
Your scarf of harm unmelds from your body.
Your +0 pair of gloves unmelds from your body.
Your +0 robe unmelds from your body.
The wight hits you with a cursed +5 short sword!
* * * LOW HITPOINT WARNING * * *
You hit the wight but do no damage.
The wight is almost destroyed.
The wight hits you with a cursed +5 short sword!
* * * LOW HITPOINT WARNING * * *
You hit the wight but do no damage.
The wight is almost destroyed.
The wight hits you with a cursed +5 short sword!
You die...

#..............#
..............#
...........).#
#...z.......#
#...........#
#...........#
#...........#
#########'####
.......@zZ#
###########


You could see a wight and an adder skeleton.

Vanquished Creatures
  6 adders
  2 oozes
  A worm (D:2)
  5 dart slugs (D:1)
  2 leopard geckos (D:1)
  3 orcs (D:3)
  9 goblins
  12 hobgoblins
  9 jackals
  5 kobolds
  A quokka (D:3)
  8 bats
  4 frilled lizards
  7 rats
74 creatures vanquished.

Notes
Turn   | Place    | Note
-------+----------+-------------------------------------------
     0 | D:1      | kae the Naga Transmuter began the quest for the Orb.
     0 | D:1      | Reached XP level 1. HP: 18/18 MP: 3/3
   206 | D:1      | Reached XP level 2. HP: 8/25 MP: 5/5
   815 | D:1      | Reached skill level 3 in Transmutations
   838 | D:1      | Reached XP level 3. HP: 31/31 MP: 6/6
  2180 | D:2      | Reached XP level 4. HP: 28/38 MP: 7/7
  2185 | D:2      | Learned a level 3 spell: Spider Form
  2825 | D:2      | Reached skill level 1 in Poison Magic
  3391 | D:3      | Found a hide-covered altar of Uskayaw.
  3449 | D:3      | Reached skill level 4 in Transmutations
  3578 | D:3      | Reached XP level 5. HP: 37/44 MP: 6/8
  4398 | D:3      | You fall into a shaft and drop 3 floors!
  4422 | D:6      | HP: 2/44 [wight/cursed +5 short sword (8)]
  4423 | D:6      | Slain by a wight

Illustrated notes

Levels and vault maps discovered:
D:1:      nagdon_arrival_zigzag_paths, layout_basic
D:2:      layout_loops_cross
D:3:      layout_loops_ring, lemuel_crystal_altar, tgw_xom
D:6:      kennysheep_orc_sif_temple, layout_basic,
          grunt_temple_overflow_cloverleaf, serial_shops, shop,
          lemuel_altar_in_water

Skill      XL: |  1  2  3  4 |
---------------+-------------+-----
Transmutations | 3 4 |  4.2
Poison Magic   | 2 |  2.4
Fighting       | |  1.0
Dodging        | |  1.5
Unarmed Combat | |  3.9
Spellcasting   | |  2.0

Action                   |  1- 3 |  4- 6 || total
-------------------------+-------+-------++-------
Melee: Unarmed           |    99 |   190 ||   289
       Headbutt          |     9 |     9 ||    18
       Punch             |       |     1 ||     1
 Cast: Beastly Appendage |    22 |    20 ||    42
       Spider Form       |       |     1 ||     1
 Abil: Spit Poison       |    16 |     8 ||    24
  Use: Potion            |     2 |     1 ||     3
       Scroll            |       |     1 ||     1
Armor: Robe              |    34 |    45 ||    79
       Skin              |       |     1 ||     1
Dodge: Dodged            |    74 |   106 ||   180

Table legend: (Time is in decaauts)
 A = Elapsed time spent in this place.
 B = Non-inter-level travel time spent in this place.
 C = Inter-level travel time spent in this place.
 D = Time resting spent in this place.
 E = Time spent auto-exploring this place.
 F = Levels seen in this place.
 G = Mean time per level.
                   A        B        C        D        E       F      G
               +--------+--------+--------+--------+--------+-----+--------+
         Total |   5037 |   4944 |     93 |    105 |   4191 |   4 | 1259.2 |
       Dungeon |   5037 |   4944 |     93 |    105 |   4191 |   4 | 1259.2 |
               +--------+--------+--------+--------+--------+-----+--------+

Top non-repeatable levels by time:
     D:1: 2465 daAuts
     D:2: 1297 daAuts
     D:3: 1250 daAuts
     D:6: 24 daAuts
